 Dungeon Crawl Stone Soup version 0.31-a0-202-g547052bce9 (webtiles) character file.

Game seed: 14497054896347092716

56 qw the Shooter (level 3, 0/20 HPs)
             Began as a Deep Elf Hunter on June 26, 2023.
             Slain by a gnoll
             ... wielding a +0 club
              (5 damage)
             ... on level 2 of the Dungeon.
             The game lasted 00:00:30 (1061 turns).

qw the Shooter (Deep Elf Hunter)                    Turns: 1061, Time: 00:00:30

Health: 0/20       AC:  5    Str: 10    XL:     3   Next: 71%
Magic:  5/5        EV: 11    Int: 13    God:
Gold:   124        SH:  0    Dex: 18    Spells: 2/2 levels left

rFire   . . .        Y - +0 shortbow
rCold   . . .        (shield currently unavailable)
rNeg    . . .        f - +0 ring mail
rPois   .            (no helmet)
rElec   .            (no cloak)
rCorr   .            (no gloves)
SInv    .            (no boots)
Will    .....        (no amulet)
Stlth   +            (no ring)
HPRegen 0.23/turn    (no ring)
MPRegen 0.09/turn

%: no passive effects
@: no status effects
A: no striking features
a: no special abilities


You were on level 2 of the Dungeon.
You visited 1 branch of the dungeon, and saw 2 of its levels.

You collected 124 gold pieces.


   Skills:
 - Level 1.5 Fighting
 + Level 7.2 Ranged Weapons
 - Level 2.4 Dodging
 - Level 1.2 Stealth


You had 2 spell levels left.
You didn't know any spells.
Your spell library was empty.

Inventory:

Hand Weapons
 Y - a +0 shortbow (weapon)
Armour
 f - a +0 ring mail (worn)
Scrolls
 a - a scroll of teleportation {unknown}
 c - a scroll of fear {unknown}
Potions
 b - a potion of enlightenment {unknown}
 e - a potion of attraction {unknown}

Dungeon Overview and Level Annotations

Branches:
Dungeon (2/15)

Altars:


Message History

Enter note:
Enter note:
Enter note:
Enter note:
Enter note: You shoot an arrow.
The arrow hits the gnoll.
The gnoll is heavily wounded.
You shoot an arrow. The arrow barely misses the gnoll. x2
A ball python comes into view.
A gnoll comes into view. It is wielding a +0 club. x2
You shoot an arrow. The arrow barely misses the gnoll.
The ball python hisses angrily.
The gnoll shouts!
The arrow hits the gnoll but does no damage.
The gnoll closely misses you.
You shoot an arrow. The arrow closely misses the gnoll.
The kobold throws a stone.
The stone hits you but does no damage. The gnoll hits you with a +0 club.
You shoot an arrow. The arrow hits the gnoll.
The gnoll is almost dead.
The gnoll hits you with a +0 club. The gnoll hits you with a +0 whip.
A giant cockroach comes into view.
You shoot an arrow. The arrow completely misses the gnoll.
The gnoll barely misses you. The gnoll hits you but does no damage.
You shoot an arrow.
The arrow hits the gnoll but does no damage.
The gnoll is almost dead.
The gnoll completely misses you. The gnoll hits you with a +0 whip.
You shoot an arrow. The arrow barely misses the gnoll.
The arrow hits the ball python.
The ball python is severely wounded.
The gnoll hits you with a +0 club.
The kobold throws a stone.
The stone hits you but does no damage. The gnoll barely misses you.
The gnoll hits you with a +0 club.
You shoot an arrow.
The arrow hits the gnoll but does no damage.
The gnoll is severely wounded.
The gnoll barely misses you.
The kobold hits you with a +0 vampiric dagger.
The gnoll hits you with a +0 club.
You die...

............ ..###
......######.#.. ..... ........
#.... ...... .......## #..##
...... ........#.. #....
......##.#..... ...#...#
...g.g..... #.#...# #BgK..#.#
#..)... #Sg@%.#.# #...... ..
####....# ...#..#... . ..#
##.......# ...#..#... .... #.#
#.......#####.#..#... ##...##.#
#...............##... ........
#.....####...........
#...##.#####+##.............##.
#...##.....#.##................
#...##...#....#................


You could see 4 gnolls, a giant cockroach, a ball python and a kobold.

Vanquished Creatures
  An adder (D:2)
  A worm (D:2)
  6 ball pythons
  5 bats
  5 endoplasms
  A giant cockroach (D:1)
  4 goblins (D:1)
  3 hobgoblins
  2 quokkas (D:1)
  4 frilled lizards (D:1)
  6 kobolds
  4 rats (D:1)
42 creatures vanquished.

Notes
Turn   | Place    | Note
-------+----------+-------------------------------------------
     0 | D:1      | qw the Deep Elf Hunter began the quest for the Orb.
     0 | D:1      | Reached XP level 1. HP: 12/12 MP: 3/3
     0 | D:1      | 0 ||| qw: Version: 0.3-a-22-g0ed2b0b
     0 | D:1      | 0 ||| qw: Game counter: 6159
     0 | D:1      | 0 ||| qw: Melee chars always use a shield: true
     0 | D:1      | 0 ||| qw: God list: Okawaru
     0 | D:1      | 0 ||| qw: Allow faded altars: false
     0 | D:1      | 0 ||| qw: Do Orc after clearing Dungeon:15 true
     0 | D:1      | 0 ||| qw: Do second Lair branch before Depths: true
     0 | D:1      | 0 ||| qw: Lair rune preference: random
     0 | D:1      | 0 ||| qw: Goals: Normal
     0 | D:1      | 0 ||| PLANNING D:1-11
   162 | D:1      | Reached XP level 2. HP: 16/16 MP: 4/4
   188 | D:1      | Reached skill level 6 in Ranged Weapons
   525 | D:1      | Reached XP level 3. HP: 20/20 MP: 5/5
   837 | D:1      | 837 ||| UPGRADING to +0 ring mail.
   847 | D:1      | 847 ||| DROPPING +0 leather armour.
   848 | D:1      | 848 ||| READING scroll labelled NADGHO SUSEFAU.
   849 | D:1      | 849 ||| READING scroll labelled GYCVOY VEOGAEB.
   850 | D:1      | 850 ||| DROPPING scroll of butterflies.
   968 | D:2      | Reached skill level 7 in Ranged Weapons
  1012 | D:2      | Found a faded altar of an unknown god.
  1061 | D:2      | HP: 5/20 [kobold/+0 vampiric dagger (2)]
  1061 | D:2      | Slain by a gnoll

Levels and vault maps discovered:
D:1:      minmay_arrival_shattered_statue, layout_loops_ring, serial_forest,
          infiniplex_forest_end_2, infiniplex_forest_lined_room_2,
          infiniplex_forest_pool, infiniplex_forest_zigzag_1,
          infiniplex_forest_clump_double, infiniplex_forest_corner_2,
          infiniplex_forest_side_room, kennysheep_pointless_box
D:2:      layout_basic, dreamdust_ecumenical_altar_grove, minmay_bisected

Skill      XL: |  1  2  3 |
---------------+----------+-----
Ranged Weapons | 6 7 |  7.2
Fighting       | |  1.5
Dodging        | |  2.4
Stealth        | |  1.2

Action                     || total
---------------------------++-------
   Fire: Shortbow          ||   129
    Use: Scroll            ||     2
 Armour: Leather armour    ||    17
         Ring mail         ||     5
  Dodge: Dodged            ||    23

Table legend:
 A = Non-vault XP
 B = Vault XP
 C = Vault XP percentage of total XP
 D = Non-vault monster count
 E = Vault monster count
 F = Vault count percentage of total count
                 A         B        C        D         E       F
            +---------+---------+-------+---------+---------+-------
      Total |      81 |       0 |   0.0 |      42 |       0 |   0.0
            +---------+---------+-------+---------+---------+-------
        D:1 |      49 |       0 |   0.0 |      32 |       0 |   0.0
        D:2 |      32 |       0 |   0.0 |      10 |       0 |   0.0
            +---------+---------+-------+---------+---------+-------
